 Dungeon Crawl Stone Soup version 0.24.0-28-g17ded55e90 (webtiles) character file.

Game seed: 5026301177758674734, levelgen mode: deterministic

59 Matador8 the Grasshopper (level 3, -2/27 HPs)
             Began as a Demonspawn Warper on Nov 12, 2019.
             Slain by a worm (7 damage)
             ... on level 3 of the Dungeon.
             The game lasted 00:09:54 (2167 turns).

Matador8 the Grasshopper (Demonspawn Warper)        Turns: 2167, Time: 00:09:55

Health: -2/27      AC:  5    Str: 12    XL:     3   Next: 78%
Magic:  2/6        EV: 12    Int: 14    God:
Gold:   106        SH:  0    Dex: 12    Spells: 4/6 levels left

rFire    . . .     SeeInvis .     - Unarmed
rCold    . . .     Gourm    .   (no shield)
rNeg     . . .     Faith    .   b - +0 leather armour
rPois    .         Spirit   .   q - +0 helmet
rElec    .         Reflect  .   (no cloak)
rCorr    .         Harm     .   (no gloves)
MR       .....                  p - +0 pair of boots
Stlth    +.........             (no amulet)
HPRegen  0.09/turn              (no ring)
MPRegen  0.10/turn              (no ring)

@: very slightly contaminated
A: claws 1, sturdy frame 1
a: no special abilities


You were on level 3 of the Dungeon.
You were not hungry.

You visited 1 branch of the dungeon, and saw 3 of its levels.

You collected 106 gold pieces.

Inventory:

Hand Weapons
 a - a +0 mace
Missiles
 e - 7 atropa-tipped darts (quivered)
 j - 19 poisoned darts
Armour
 b - a +0 leather armour (worn)
 h - a +0 hat
 p - a +0 pair of boots (worn)
 q - a +0 helmet (worn)
Jewellery
 t - an uncursed ring of flight
Wands
 s - a wand of random effects (20)
Scrolls
 c - a scroll of enchant armour {unknown}
 d - a scroll of blinking
 g - a scroll of amnesia {unknown}
 k - 3 scrolls of identify {unknown}
 l - a scroll of teleportation {unknown}
 r - 2 scrolls of remove curse {unknown}
 u - a scroll of enchant weapon {unknown}
 w - a scroll of magic mapping {unknown}
Potions
 i - a potion of haste {unknown}
 m - a potion of curing {unknown}
 n - a potion of might {unknown}
 o - 2 potions of brilliance {unknown}
Comestibles
 f - 7 rations
 v - 6 chunks of flesh


   Skills:
 - Level 2.0 Fighting
 - Level 2.1 Maces & Flails
 - Level 1.8 Throwing
 - Level 0.8 Armour
 - Level 1.7 Dodging
 * Level 1.9 Unarmed Combat
 - Level 2.0 Spellcasting
 + Level 3.0 Translocations


You had 4 spell levels left.
You knew the following spells:

 Your Spells              Type           Power        Failure   Level  Hunger
a - Blink                 Tloc           N/A          11%         2    ###....

Your spell library contained the following spells:

 Spells                   Type           Power        Failure   Level  Hunger
 Shroud of Golubria       Chrm/Tloc      #.....       21%         2    ###....
 Gell's Gravitas          Tloc           #.........   22%         3    ####...
 Lesser Beckoning         Tloc           #.........   22%         3    ####...
 Teleport Other           Tloc           #.......     22%         3    ####...
 Passage of Golubria      Tloc           N/A          56%         4    #####..


Dungeon Overview and Level Annotations

Branches:
Dungeon (3/15)

Altars:


Innate Abilities, Weirdness & Mutations

You have sharp fingernails.
Your movements are slightly less encumbered by armour. (ER -2)


Message History

As you read the scroll of blinking, it crumbles to dust.
An adder comes into view.
Throwing (i - inventory. (/) - cycle)
e - 8 atropa-tipped darts (quivered)
Press: ? - help, Shift-Dir - straight line, f - adder
Aim: an adder (hasn't noticed you, chance to blind on hit: 100%)
Okay, then.
Throwing (i - inventory. (/) - cycle)
e - 8 atropa-tipped darts (quivered)
Press: ? - help, Shift-Dir - straight line, f - adder
Aim: an adder (hasn't noticed you, chance to blind on hit: 100%)
You throw an atropa-tipped dart. The atropa-tipped dart hits the adder.
The adder appears confused.
The adder hisses angrily.
Casting: Blink (safe; 11% risk of failure)
Confirm with . or Enter, or press ? or * to list all spells.
You blink.
The adder is no longer blind.
The adder bites you but does no damage. The adder barely misses you.
Casting: Blink (safe; 11% risk of failure)
Confirm with . or Enter, or press ? or * to list all spells.
You blink.
The worm bites you!
You die...

##. # # #.. #.# #.#
#.. #.##.### ###
#..<.ยง.# # #+
####.#.# . #
#.########.#.##....
#.......wSS.........
#######@############
#.# #.# #.#
######### #.#
#.......# #.#
#.#####.##
#.#######.# #...
#.........# ####
###########


You could see a worm and 2 adders.

Vanquished Creatures
  An adder (D:2)
  An ooze (D:3)
  A worm (D:3)
  A dart slug (D:1)
  A leopard gecko (D:2)
  An orc (D:3)
  6 bats
  4 giant cockroaches
  3 goblins
  4 hobgoblins
  5 kobolds
  2 quokkas
  3 frilled lizards
  5 rats
38 creatures vanquished.

Notes
Turn   | Place    | Note
-------+----------+-------------------------------------------
     0 | D:1      | Matador8 the Demonspawn Warper began the quest for the Orb.
     0 | D:1      | Reached XP level 1. HP: 16/16 MP: 3/3
   131 | D:1      | Reached skill level 1 in Throwing
   306 | D:1      | Gained mutation: You have sharp fingernails. [demonic
                  | ancestry]
   306 | D:1      | Reached XP level 2. HP: 18/22 MP: 5/5
   582 | D:1      | Learned a level 2 spell: Blink
  1398 | D:2      | Reached skill level 1 in Unarmed Combat
  1398 | D:2      | Gained mutation: Your movements are slightly less
                  | encumbered by armour. (ER -2) [demonic ancestry]
  1398 | D:2      | Reached XP level 3. HP: 21/27 MP: 6/6
  2039 | D:3      | Reached skill level 3 in Translocations
  2167 | D:3      | Slain by a worm

Levels and vault maps discovered:
D:1:      evilmike_arrival_run_for_it, layout_loops_cross
D:2:      layout_loops_corners, first_ration
D:3:      layout_loops_cross, kennysheep_minor_cross, minmay_circle_x

Skill      XL: |  1  2  3 |
---------------+----------+-----
Throwing       | 1 |  1.8
Maces & Flails | 2 |  2.1
Unarmed Combat | 1 |  1.9
Translocations | 3 |  3.0
Fighting       | |  2.0
Armour         | |  0.8
Dodging        | |  1.7
Spellcasting   | |  2.0

Action                   || total
-------------------------++-------
Melee: Mace              ||   101
       Unarmed           ||    71
Throw: Boomerang         ||     5
       Dart              ||     1
 Cast: Blink             ||     2
  Use: Scroll            ||     1
  Eat: Chunk             ||     4
Armor: Leather armour    ||    56
Dodge: Dodged            ||   129
